Map: Winter's Gate LE

Players

GLADIATOR

  • Race: Zerg Zerg
  • League: Master
  • Spawn Location: 5:00

Mez - Winner!

  • Race: Terran Terran
  • League: Master
  • Spawn Location: 11:00

VOD

Have the link to the VOD?

Description

Time

  • Played on: Aug. 30, 2019, 12:31 a.m.
  • Length: 13:25
Show
View Real Time Build Order
Export as new Build Order

GLADIATOR Zerg 

Build Orders: Pool First, Muta Ling Bane 

Get SALT Encoding   

  12  0:01  Drone  
  13  0:12  Overlord  
  13  0:16  Drone  
  14  0:24  Extractor  
  14  0:25  Drone  
  14  0:32  Drone  
  14  0:35  Drone  
  16  0:48  Spawning Pool  
  15  0:50  Drone  
  16  1:14  Hatchery  
  16  1:18  Drone  
  16  1:36  Zergling x6  
  16  1:39  Metabolic Boost  
  19  1:47  Zergling x2  
  19  1:53  Queen  
  22  1:59  Overlord  
  22  2:11  Baneling Nest  
  22  2:14  Zergling x2  
  22  2:19  Zergling x2  
  23  2:27  Zergling x2  
  24  2:37  Zergling x4  
  22  3:13  Zergling x2  
  22  3:14  Zergling x14  
  22  3:19  Baneling x2  
  30  3:20  Baneling x3  
  30  3:31  Baneling  
  30  3:32  Baneling  
  20  4:05  Drone  
  20  4:06  Drone x8  
  26  4:17  Queen  
  26  4:19  Queen  
  30  4:30  Drone x2  
  32  4:37  Overlord  
  32  4:40  Drone  
  32  4:41  Drone x2  
  35  4:50  Drone  
  36  4:57  Lair  
  36  5:06  Zergling x6  
  39  5:08  Overlord  
  39  5:09  Drone  
  36  5:35  Drone  
  34  5:36  Drone x8  
  34  5:40  Zergling x2  
  34  5:41  Zergling x2  
  42  5:51  Spore Crawler, Zergling x2  
  42  5:54  Extractor  
  41  6:01  Spire  
  37  6:07  Spore Crawler  
  34  6:11  Spine Crawler  
  34  6:18  Drone x7  
  34  6:19  Drone x3  
  43  6:27  Extractor  
  43  6:28  Drone x2  
  41  6:43  Drone x3  
  44  6:48  Extractor  
  41  7:03  Drone x2  
  43  7:15  Drone x2  
  44  7:16  Drone x5  
  44  7:19  Overlord  
  50  7:26  Overlord  
  50  7:27  Drone  
  51  7:44  Mutalisk x2  
  51  7:45  Mutalisk x2  
  51  7:46  Mutalisk x3  
  65  7:57  Hatchery  
  64  7:59  Overlord  
  64  8:00  Drone  
  65  8:08  Drone  
  66  8:13  Drone  
  66  8:17  Evolution Chamber  
  66  8:20  Evolution Chamber  
  65  8:30  Zergling x2  
  65  8:31  Zergling x2  
  65  8:32  Overlord x3  
  67  8:47  Baneling x2  
  66  8:50  Overlord  
  66  8:51  Zergling x6  
  66  8:52  Mutalisk, Zergling x8  
  75  8:56  Zerg Ground Armor Level 1, Zerg Melee Weapons Level 1  
  75  8:58  Centrifical Hooks  
  75  9:11  Zerg Flyer Weapons Level 1  
  75  9:13  Overseer  
  75  9:16  Hatchery  
  72  9:40  Drone x9  
  81  9:47  Mutalisk  
  81  9:49  Overlord x4  
  81  9:50  Overlord  
  83  10:08  Baneling  
  83  10:11  Baneling x5  
  83  10:16  Mutalisk x4  
  83  10:17  Mutalisk x3  
  97  10:29  Extractor  
  97  10:31  Zergling x12  
  102  10:38  Overlord x2  
  102  11:11  Infestation Pit  
  102  11:13  Zergling x28  
  102  11:14  Zergling x4  
  102  11:15  Hatchery  
  98  11:49  Drone  
  98  11:50  Extractor, Drone x11  
  109  11:54  Hive  
  109  12:21  Baneling x3  
  109  12:22  Mutalisk x2, Baneling x5  
  109  12:23  Mutalisk x4  
  121  12:31  Queen, Drone  
  121  12:37  Hatchery  
  124  12:49  Extractor  
  118  12:52  Baneling x6  
  118  12:53  Zergling x2, Baneling x2  
  118  12:54  Zergling x34  
Show
View Real Time Build Order
Export as new Build Order

Mez Terran - Winner!

Build Orders: Reaper Expand 

Get SALT Encoding   

  12  0:00  SCV  
  13  0:12  SCV  
  14  0:17  Supply Depot  
  14  0:24  SCV  
  15  0:38  SCV  
  15  0:40  Barracks  
  16  0:45  Refinery  
  16  0:50  SCV  
  17  1:03  SCV  
  18  1:15  SCV  
  19  1:28  Orbital Command  
  19  1:29  Reaper  
  20  1:39  Command Center  
  20  1:46  Supply Depot  
  20  1:54  SCV  
  21  2:01  Marine  
  21  2:07  SCV  
  23  2:11  Factory  
  23  2:14  Refinery  
  23  2:19  SCV  
  24  2:23  Barracks Reactor  
  24  2:35  SCV  
  23  2:49  SCV  
  19  2:59  Marine x2, Hellion  
  21  3:09  Starport  
  21  3:11  SCV  
  21  3:20  Command Center  
  21  3:22  Marine x2, Hellion  
  25  3:34  SCV  
  25  3:40  Bunker  
  26  3:42  Marine x2  
  26  3:45  Hellion  
  27  4:07  Supply Depot  
  26  4:10  Supply Depot  
  26  4:17  Barracks Tech Lab  
  26  4:19  Liberator  
  26  4:24  Supply Depot  
  26  4:32  Orbital Command, Hellion x2  
  33  4:42  SCV  
  34  4:52  Orbital Command  
  34  4:56  Hellion x2  
  34  4:58  SCV  
  39  5:11  SCV  
  39  5:13  Supply Depot  
  40  5:14  Marine  
  40  5:15  Stimpack  
  41  5:22  SCV  
  41  5:23  SCV  
  41  5:34  SCV  
  36  5:46  Starport Reactor  
  36  5:50  SCV x2  
  36  5:51  Barracks  
  36  5:54  Barracks  
  38  5:58  Factory Reactor  
  38  6:02  SCV  
  38  6:03  SCV  
  40  6:10  Command Center  
  40  6:15  Supply Depot  
  40  6:17  SCV x2  
  40  6:33  SCV  
  40  6:37  Marine  
  38  6:41  Supply Depot  
  38  6:42  Factory Tech Lab, SCV  
  38  6:45  SCV  
  40  6:52  Medivac  
  40  6:53  Medivac  
  44  6:55  SCV  
  44  6:57  SCV  
  46  7:02  Marine  
  46  7:03  Marine x4  
  46  7:07  SCV  
  52  7:09  SCV, Engineering Bay x2  
  53  7:17  Refinery  
  53  7:19  SCV, Refinery  
  53  7:20  Marine  
  53  7:21  Marine x2  
  57  7:23  Orbital Command  
  57  7:26  Marine x2  
  57  7:28  Combat Shield  
  59  7:36  SCV  
  59  7:37  SCV  
  61  7:38  Marine  
  61  7:39  Terran Infantry Weapons Level 1  
  61  7:41  Terran Infantry Armor Level 1  
  62  7:45  Marine  
  62  7:46  Marine  
  62  7:47  Marine  
  65  7:58  SCV x2  
  67  7:59  Siege Tank  
  67  8:00  Marine x2  
  67  8:05  Marine x2, Supply Depot  
  72  8:08  Medivac  
  72  8:10  Medivac  
  72  8:11  SCV  
  79  8:14  SCV x2  
  81  8:23  SCV  
  81  8:25  Marine x2  
  81  8:26  Marine x2  
  86  8:32  Marine  
  89  8:43  Marine x2  
  86  8:50  Orbital Command, Armory  
  86  8:51  Widow Mine  
  86  8:52  Factory  
  86  8:54  Missile Turret  
  88  9:05  Armory  
  88  9:10  Supply Depot  
  82  9:33  SCV x3  
  82  9:36  Widow Mine  
  82  9:38  Factory Reactor  
  87  9:39  Terran Infantry Armor Level 2, Terran Infantry Weapons Level 2, Terran Vehicle Weapons Level 1  
  87  9:42  Missile Turret  
  87  9:45  SCV  
  88  9:48  Marine x5, SCV x2, Missile Turret  
  95  9:54  Barracks x2, Terran Vehicle And Ship Armor Level 1  
  95  9:57  SCV  
  96  10:05  SCV x2  
  96  10:06  Marine x5  
  103  10:09  Thor  
  103  10:11  Missile Turret  
  109  10:28  Supply Depot x2  
  109  10:32  Supply Depot  
  109  10:34  Marine x4, Medivac x2, Supply Depot  
  109  10:35  Widow Mine x2  
  121  10:38  SCV x3  
  121  10:40  Refinery  
  121  10:42  Refinery  
  124  10:50  Marine, SCV x3  
  124  10:52  Barracks Reactor  
  124  10:54  Marine x3  
  124  10:55  Barracks Reactor  
  124  10:56  Thor  
  124  10:57  Widow Mine  
  136  11:01  Widow Mine  
  138  11:13  Missile Turret  
  138  11:15  Marine x5  
  138  11:16  Missile Turret  
  138  11:18  Medivac x2  
  137  11:33  Marine x2  
  137  11:34  Widow Mine x2  
  142  11:49  Factory Tech Lab  
  142  11:52  Marine  
  142  11:53  Marine x6, Marauder  
  149  11:59  Command Center  
  149  12:04  Marine  
  149  12:06  Widow Mine x2  
  153  12:10  Barracks x2  
  153  12:11  Barracks  
  153  12:14  Marauder  
  153  12:15  Widow Mine  
  157  12:27  Supply Depot  
  157  12:28  Supply Depot  
  157  12:29  Supply Depot  
  157  12:30  Marine x6  
  157  12:31  Supply Depot  
  157  12:35  Widow Mine  
  157  12:36  Marauder, Widow Mine  
  169  12:52  Widow Mine  
  169  12:57  Widow Mine  
  173  13:03  Marine x12  
Tags
 
Add a new tag
Caveats
  • Supply blocks, unpowered buildings, or Contaminate may cause inaccurate times.
  • Supply counts are checked every 10 seconds.